 Dungeon Crawl Stone Soup version 0.26-a0-346-g33516b1736 (webtiles) character file.

Game seed: 4831621527503501304

153290 ANON1729 the Covert (level 17, 0/226 HPs)
             Began as a Purple Draconian Brigand on July 16, 2020.
             Was the Champion of Ru.
             Slain by a soul eater (8 damage)
             ... summoned by an orc high priest
             ... on level 3 of the Elven Halls.
             The game lasted 02:25:16 (47621 turns).

ANON1729 the Covert (Purple Draconian Brigand)     Turns: 47621, Time: 02:25:16

Health: 0/226      AC:  8    Str: 22    XL:     17   Next: 4%
Magic:  31/31      EV: 19    Int: 13    God:    Ru [******]
Gold:   1732       SH:  8    Dex: 18    Spells: 29/36 levels left

rFire    + . .     SeeInvis .   y - +2 dagger (distort)
rCold    + . .     Faith    .   a - +3 warlock's mirror {reflect}
rNeg     + . .     Spirit   .   (armour unavailable)
rPois    .         Reflect  +   (helmet restricted)
rElec    .         Harm     .   (no cloak)
rCorr    .                      (no gloves)
MR       +....                  s - +2 pair of boots "Isas" {Str+8}
Stlth    ..........             z - amulet of magic regeneration
HPRegen  0.47/turn              w - ring "Haochor" {rF+ rN+ MR+}
MPRegen  0.47/turn              C - ring of protection from cold

@: berserking, exhausted, corroded, very slightly contaminated, hasted,
invisible, very quick
A: breathe power, unfitting armour, cold-blooded, inability to use devices, no
ice magic, no summoning magic, magic vulnerability 2, missing an eye, AC +9
a: Breathe Dispelling Energy, Draw Out Power, Power Leap, Apocalypse, Renounce
Religion


You were on level 3 of the Elven Halls.
You worshipped Ru.
Ru was exalted by your worship.
You visited 5 branches of the dungeon, and saw 27 of its levels.
You also visited: Sewer and Ice Cave.

You collected 2775 gold pieces.
You spent 1043 gold pieces at shops.

Inventory:

Hand Weapons
 y - a +2 dagger of distortion (weapon)
Missiles
 c - 104 poisoned darts
 d - 5 curare-tipped darts (quivered)
 q - 5 silver boomerangs
 A - 5 datura-tipped darts
 P - 4 atropa-tipped darts
Armour
 a - the +3 warlock's mirror (worn) {reflect}
   (You bought it in a shop on level 2 of the Orcish Mines)
 b - the +0 pair of boots of the Lair of Beasts {+Blink rC+++ Dex-5 Stlth+}
   (You bought it in a shop on level 2 of the Orcish Mines)

   It affects your dexterity (-5).
   It renders you almost immune to cold.
   It lets you blink.
   It makes you more stealthy.
 s - the +2 pair of boots "Isas" (worn) {Str+8}
   (You found it on level 10 of the Dungeon)

   It affects your strength (+8).
 M - a +2 cloak of magic resistance
 S - the +5 buckler of Egalitarianism {+Inv rPois rC+}
   (You found it on level 2 of the Lair of Beasts)

   It protects you from cold.
   It protects you from poison.
   It lets you turn invisible.
 T - a scarf of repulsion
Jewellery
 h - an uncursed ring of protection from magic
 w - the ring "Haochor" (left hand) {rF+ rN+ MR+}
   (You found it on level 4 of the Dungeon)

   [ring of protection from fire]

   It protects you from fire.
   It protects you from negative energy.
   It affects your resistance to hostile enchantments.
 z - an amulet of magic regeneration (around neck)
 C - a ring of protection from cold (right hand)
 K - an uncursed ring of stealth
Scrolls
 e - 3 scrolls of enchant weapon
 g - 12 scrolls of remove curse
 i - a scroll of magic mapping
 j - 2 scrolls of brand weapon
 k - 10 scrolls of enchant armour
 l - 2 scrolls of vulnerability
 o - 5 scrolls of fear
 t - 3 scrolls of fog
 E - 7 scrolls of teleportation
 G - 2 scrolls of blinking
 L - 2 scrolls of immolation
 N - 2 scrolls of identify
 Q - a scroll of holy word {unknown}
 R - a scroll of amnesia
 W - a scroll of torment
 Y - 3 scrolls of silence
Potions
 f - 4 potions of curing
 m - 2 potions of heal wounds
 p - 4 potions of flight
 r - 4 potions of cancellation
 u - 3 potions of magic
 x - 6 potions of brilliance
 F - 5 potions of might
 H - 3 potions of stabbing
 J - 6 potions of mutation
 O - 9 potions of ambrosia


   Skills:
 * Level 13.9 Fighting
 * Level 13.7 Short Blades
 - Level 8.3 Throwing
 + Level 9.3 Dodging
 * Level 14.0 Stealth
 - Level 4.0 Shields
 + Level 10.4 Spellcasting
 + Level 10.1 Hexes
 - Level 2.0 Translocations
 - Level 6.6 Air Magic
 - Level 6.7 Poison Magic


You had 29 spell levels left.
You knew the following spells:

 Your Spells              Type           Power        Failure   Level
a - Mephitic Cloud        Conj/Pois/Air  ###.....     5%          3
b - Slow                  Hex            ####....     1%          2
q - Blink                 Tloc           N/A          7%          2

Your spell library contained the following spells:

 Spells                   Type           Power        Failure   Level
 Corona                   Hex            ####...      1%          1
 Poisonous Vapours        Pois/Air       ###...       1%          2
 Confusing Touch          Hex            ####....     1%          3
 Sting                    Tmut/Pois      ###.         2%          1
 Apportation              Tloc           ##....       4%          1
 Corpse Rot               Necr/Air       N/A          4%          2
 Inner Flame              Hex/Fire       ###.....     4%          3
 Olgreb's Toxic Radiance  Pois           ###.....     7%          4
 Animate Skeleton         Necr           #.....       11%         1
 Foxfire                  Conj/Fire      #...         11%         1
 Magic Dart               Conj           #...         11%         1
 Ignite Poison            Fire/Tmut/Pois ##......     13%         3
 Gell's Gravitas          Tloc           ##........   14%         3
 Sublimation of Blood     Necr           #.........   16%         2
 Wereblood                Tmut           #.......     16%         2
 Conjure Flame            Conj/Fire      #.......     32%         3
 Yara's Violent Unravell  Hex/Tmut       ###.......   36%         5
 Dispel Undead            Necr           #.......     71%         4
 Petrify                  Tmut/Erth      #.......     71%         4
 Sticky Flame             Conj/Fire      #.......     71%         4
 Agony                    Necr           #.......     96%         5
 Bolt of Magma            Conj/Fire/Erth #.........   96%         5
 Excruciating Wounds      Necr           #.........   96%         5
 Fireball                 Conj/Fire      #.........   96%         5
 Iskenderun's Battlesphe  Conj           #.......     96%         5
 Iron Shot                Conj/Erth      #.........   100%        6
 Orb of Destruction       Conj           #.........   100%        7
 Summon Small Mammal      Summ           Unusable     N/A         1
 Call Imp                 Summ           Unusable     N/A         2
 Ozocubu's Armour         Ice            Unusable     N/A         3
 Metabolic Englaciation   Hex/Ice        Unusable     N/A         5
 Freezing Cloud           Conj/Ice/Air   Unusable     N/A         6
 Spellforged Servitor     Conj/Summ      Unusable     N/A         7

Dungeon Overview and Level Annotations

Branches:
Dungeon (15/15)            Temple (1/1) D:5            Lair (6/6) D:11
 Shoals (0/4) Lair:2        Snake (0/4) Lair:3        Slime (0/5) Lair:5
    Orc (2/2) D:9             Elf (3/3) Orc:2        Vaults (0/5) D:13
 Depths (0/5) D:15          Sewer (visited)           IceCv (visited)

Altars:
Ashenzari
Cheibriados
Dithmenos
Elyvilon
Fedhas
Gozag
Hepliaklqana
Kikubaaqudgha
Makhleb
Nemelex Xobeh
Qazlal
Ru
Sif Muna
Uskayaw
Vehumet
Wu Jian
Xom
Yredelemnul
Zin
The Shining One
Beogh
Jiyva

Shops:
D:7 }   D:14 (   D:15 [(=   Orc:2 [[(

Portals:
Trove: D:15 (give +3 fire dragon scales)

Annotations:
D:6 3 runed translucent doors, Vruhak's ghost, novice GrFi
D:8 1 runed translucent door
Elf:3 1 exclusion
Abyss:1 Erolcha; Fannar; Jorgrun; Rupert


Innate Abilities, Weirdness & Mutations

You can breathe bolts of dispelling energy.
Your rich purple scales are hard. (AC +9)
You cannot fit into any form of body armour.
You are cold-blooded and may be slowed by cold attacks.
You cannot study or use magical devices.
You cannot study or cast Ice magic.
You cannot study or cast Summoning magic.
You are vulnerable to magic. (MR--)
You are missing an eye, making it more difficult to aim.


Message History

* * * LOW HITPOINT WARNING * * *
The chaos spawn shocks you.
* * * LOW HITPOINT WARNING * * *
Unknown command.
Press: ? - help, v - describe, . - travel, g - get item
Here: an orc high priest, wielding a +0 war axe and wearing a +0 chain mail (almost dead)
A wand of digging (6).
There is something else lying underneath.
The floor.
Unknown command.
Press: ? - help, v - describe, . - travel
Here: a soul eater (black smoke, summoned)
The floor.
You completely miss the orc high priest.
You tail-slap the orc high priest, but do no damage.
The orc high priest is almost dead.
The deep elf mage barely misses you.
The deep elf mage begins to cast a spell, but is stunned by your will!
The soul eater hits you!
You die...

*************** #.,*,,,,,,,*,,*
*(.*,,,,,,,*,.*
********,.####+####..*
*,,,,,**,,.........[.#####
**,,,,,**,*8..e_...8#,#...#
*,,,,,,,*,,,,§{YY...,,#...#
**,,,,,,,*,,###e4'###,,#..######
*,,,,,,,,*,,#..@3...#,,#..'.....
**,,,,..,*,,#.o))§..#,,#.#######
**,,,....**##§...§..#*##.##
**+*,,...'###...§§.#.# #.#'##
*,**,,,..#'#....§..'## #.##.##
,*****+*###.........##
#####.#### ** *,**#...........#
##.###)... * #.*
#...........###.##...'.. #.*
#...........'...[...<<..


You could see a soul eater (summoned), an orc high priest, 2 deep elf magi, a
chaos spawn (summoned, corona) and 2 ice beasts.

Vanquished Creatures
  Saint Roka (Orc:2)
  2 deep elf sorcerers
  A deep elf elementalist (Elf:3)
  A frost giant (IceCv)
  Azrael (Orc:2)
  2 deep elf death magi
  Josephine (D:10)
  A yaktaur captain (D:15)
  An anaconda (Lair:6)
  4 hydras
  Erica (D:11)
  3 centaur warriors
  2 two-headed ogres
  22 dancing weapons
  2 death yaks (IceCv)
  Nergalle (Lair:1)
  3 orc high priests
  10 deep elf knights
  3 unseen horrors
  A deep troll (shapeshifter) (Elf:3)
  5 deep elf archers
  A harpy (shapeshifter) (Elf:2)
  A lindwurm (Lair:6)
  A wolf spider zombie (D:15)
  2 orc knights (Orc:1)
  A cyclops (D:12)
  4 orc sorcerers
  An oklob plant (Lair:6)
  2 ugly things
  38 deep elf magi
  A centaur zombie (D:15)
  An elephant (Lair:6)
  4 black mambas
  6 cane toads
  Psyche (D:9)
  A gargoyle (D:12)
  Maggie (D:8)
  3 rime drakes
  3 kobold demonologists
  An efreet (D:15)
  2 komodo dragons
  A yaktaur (D:15)
  A tengu conjurer (D:9)
  6 polar bears
  A queen bee (Lair:1)
  A blink frog (shapeshifter) (D:13)
  Prince Ribbit (D:6)
  5 trolls
  2 hornets (D:10)
  5 blink frogs
  2 slime creatures (D:12)
  4 hippogriffs
  2 air elementals (Elf:3)
  A shadow (D:13)
  5 wraiths
  2 water elementals
  33 yaks
  2 vampires
  8 fire elementals
  4 wyverns
  A basilisk (D:14)
  Eustachio (D:6)
  4 vampire mosquitoes
  7 wargs
  2 acid dragons
  4 hell hounds (Orc:2)
  8 porcupines
  11 water moccasins
  38 orc warriors
  4 ice beasts
  2 necrophages (D:14)
  A sky beast (D:12)
  A black bear (D:6)
  9 ogres
  2 phantoms (D:8)
  A hornet zombie (D:14)
  A boggart (Elf:3)
  14 wolves
  13 centaurs
  25 crocodiles
  8 big kobolds
  10 bullfrogs
  A wyvern zombie (D:9)
  A gnoll sergeant (D:13)
  A wyvern skeleton (D:11)
  5 scorpions
  27 killer bees
  5 spriggan skeletons (D:13)
  7 howler monkeys
  11 wights
  The ghost of ANON1729 the Conjurer, a weakling DrCj (D:4)
  A troll skeleton (D:13)
  5 electric eels (Lair:2)
  A wyvern simulacrum (D:15)
  6 jellies
  5 hounds
  26 orc priests
  35 orc wizards
  4 centaur skeletons
  10 iguanas
  4 hell rats (Lair:6)
  5 worker ants
  A killer bee zombie (D:5)
  2 hound skeletons
  A worker ant zombie (D:9)
  8 gnolls
  14 adders
  A shadow imp (D:5)
  2 white imps
  3 ufetubi
  6 oozes
  3 adder skeletons
  4 worms
  A dart slug (D:2)
  4 leopard geckos
  94 orcs
  7 ball pythons
  8 giant cockroaches
  12 goblins
  8 hobgoblins
  16 jackals
  5 quokkas
  6 bats
  17 frilled lizards
  A jackal zombie (D:6)
  30 kobolds
  A leopard gecko zombie (D:6)
  A quokka skeleton (D:10)
  A quokka zombie (D:8)
  15 rats
  A fungus (Lair:6)
830 creatures vanquished.

Vanquished Creatures (others)
  A deep elf blademaster (Elf:2)
  The ghost of Kyth the Severer, a journeyman MiFi of Makhleb (D:15)
  A stone giant (Orc:1)
  2 dire elephants
  A hydra (Lair:3)
  A centaur warrior (D:13)
  A tengu warrior (D:9)
  5 dancing weapons (Elf:2)
  An orc high priest (Elf:1)
  A deep elf knight (Elf:2)
  2 unseen horrors
  4 deep elf archers
  2 oklob plants (Lair:6)
  An orc knight (Orc:1)
  6 ugly things
  18 deep elf magi
  A cyclops (D:13)
  2 slime creatures (D:12)
  3 manticores
  2 elephants (Lair:6)
  An ice statue (IceCv)
  A cane toad (Lair:6)
  A cane toad (shapeshifter) (Elf:1)
  2 kobold demonologists
  A rime drake (IceCv)
  4 komodo dragons
  An efreet (D:14)
  A troll (D:12)
  9 polar bears (IceCv)
  4 blink frogs
  23 yaks
  A water elemental (Elf:1)
  2 wyverns
  A basilisk (Lair:2)
  3 vampire mosquitoes
  2 water moccasins
  A swamp drake (Lair:2)
  10 orc warriors
  3 ogres
  4 wolves (IceCv)
  A centaur (D:13)
  3 crocodiles (Lair:2)
  4 killer bees
  2 orc wizards
  2 orc priests
  2 iguanas
  A bullfrog skeleton (D:12)
  A hell rat (Lair:6)
  A hound zombie (D:7)
  A gnoll (D:12)
  11 orcs
  14 fungi
  12 plants
186 creatures vanquished.

Grand Total: 1016 creatures vanquished

Notes
Turn   | Place    | Note
-------+----------+-------------------------------------------
     0 | D:1      | ANON1729 the Draconian Brigand began the quest for the Orb.
     0 | D:1      | Reached XP level 1. HP: 17/17 MP: 1/1
    59 | D:1      | Reached skill level 1 in Dodging
   167 | D:1      | Reached XP level 2. HP: 25/25 MP: 2/2
   759 | D:1      | Reached XP level 3. HP: 27/30 MP: 3/3
  1056 | D:2      | Found a hazy altar of Hepliaklqana.
  1288 | D:2      | Found a stormy altar of Qazlal.
  1466 | D:2      | Found an opulent altar of Gozag.
  1689 | D:3      | Reached skill level 4 in Stealth
  1735 | D:3      | Reached XP level 4. HP: 16/37 MP: 4/4
  2574 | D:3      | Found an ornate altar of the Wu Jian Council.
  2619 | D:3      | Reached XP level 5. HP: 45/45 MP: 5/5
  3198 | D:4      | Found a glowing drain.
  3293 | Sewer    | Entered a sewer
  3478 | Sewer    | Reached XP level 6. HP: 42/51 MP: 6/6
  3834 | Sewer    | Reached skill level 5 in Stealth
  4151 | Sewer    | Your scales start taking on a rich purple colour.
  4151 | Sewer    | Reached XP level 7. HP: 44/58 MP: 7/7
  4989 | D:4      | Found a runed translucent gate.
  4989 | D:4      | Found a runed translucent gate.
  4989 | D:4      | Found a runed translucent gate.
  4993 | D:4      | Noticed ANON1729's ghost (weakling DrCj)
  5021 | D:4      | Killed ANON1729's ghost
  5158 | D:4      | Got a fine bronze ring
  5203 | D:4      | Found a burning altar of Makhleb.
  5263 | D:5      | Entered Level 5 of the Dungeon
  5314 | D:5      | Reached skill level 1 in Spellcasting
  5536 | D:5      | Identified the ring "Haochor" {rF+ rN+ MR+} (You found it
                  | on level 4 of the Dungeon)
  5830 | D:5      | Reached skill level 5 in Short Blades
  5955 | D:5      | Found an ancient bone altar of Kikubaaqudgha.
  5965 | D:5      | Reached skill level 6 in Stealth
  5965 | D:5      | Reached XP level 8. HP: 27/67 MP: 10/10
  5991 | D:5      | Learned a level 2 spell: Blink
  5994 | D:5      | Learned a level 2 spell: Slow
  6236 | D:5      | Found a staircase to the Ecumenical Temple.
  6258 | Temple   | Entered the Ecumenical Temple
  6366 | Temple   | Became a worshipper of Ru the Awakened
  6637 | D:5      | Reached skill level 1 in Hexes
  6978 | D:6      | Noticed Prince Ribbit
  6990 | D:6      | Reached skill level 1 in Translocations
  7014 | D:6      | Killed Prince Ribbit
  7551 | D:6      | Noticed Eustachio
  7636 | D:6      | Killed Eustachio
  7636 | D:6      | Reached skill level 5 in Fighting
  7636 | D:6      | Reached XP level 9. HP: 68/74 MP: 11/13
  7727 | D:6      | Reached skill level 7 in Stealth
  8183 | D:6      | Found a blossoming altar of Fedhas.
  8288 | D:6      | Found a shimmering blue altar of Sif Muna.
  8488 | D:6      | Found a shadowy altar of Dithmenos.
  8495 | D:6      | Found a shimmering altar of Xom.
  8531 | D:6      | Found a runed translucent gate.
  8532 | D:6      | Found a runed translucent gate.
  8533 | D:6      | Found a runed translucent gate.
  8534 | D:6      | Found an opulent altar of Gozag.
  8535 | D:6      | Noticed Vruhak's ghost (novice GrFi)
  8676 | D:6      | Found a basalt altar of Yredelemnul.
  8957 | D:7      | Found Ling's Gadget Shop.
  8992 | D:7      | Gained mutation: You are slightly vulnerable to magic.
                  | (MR-) [Ru sacrifice]
  8992 | D:7      | Reached * piety under Ru
  9073 | D:6      | Found a white marble altar of Elyvilon.
 10018 | D:8      | Found a snail-covered altar of Cheibriados.
 10144 | D:8      | Found a glowing silver altar of Zin.
 10663 | D:8      | Noticed a troll
 10670 | D:8      | Killed a troll
 10882 | D:8      | Noticed Maggie
 10900 | D:8      | Killed Maggie
 10900 | D:8      | Reached XP level 10. HP: 51/83 MP: 16/16
 11119 | D:8      | Found a runed translucent door.
 11119 | D:8      | Noticed a cyclops
 11121 | D:8      | Noticed a centaur warrior
 11121 | D:8      | Noticed a centaur warrior
 11121 | D:8      | Noticed an orc knight
 11121 | D:8      | Noticed a cyclops
 11428 | D:9      | Gained mutation: You cannot study or use magical devices.
                  | [Ru sacrifice]
 11428 | D:9      | Reached ** piety under Ru
 11428 | D:9      | Reached *** piety under Ru
 11915 | D:9      | Reached skill level 5 in Throwing
 11915 | D:9      | Reached skill level 8 in Stealth
 13106 | D:9      | Noticed a tengu warrior
 13517 | D:9      | Found a staircase to the Orcish Mines.
 13607 | D:9      | Noticed Psyche
 13636 | D:9      | Killed Psyche
 14230 | D:10     | Entered Level 10 of the Dungeon
 14624 | D:10     | Killed an unseen horror
 14624 | D:10     | Reached skill level 5 in Dodging
 14889 | D:10     | Learned a level 3 spell: Mephitic Cloud
 14894 | D:10     | Learned a level 2 spell: Call Imp
 15397 | D:10     | Noticed Josephine
 15410 | D:10     | Reached skill level 1 in Summonings
 15549 | D:10     | Reached skill level 1 in Air Magic
 15557 | D:10     | Learned a level 7 spell: Shroud of Golubria
 15757 | D:10     | Killed Josephine
 15757 | D:10     | Reached skill level 5 in Spellcasting
 15757 | D:10     | Reached skill level 1 in Poison Magic
 15757 | D:10     | Reached XP level 11. HP: 43/91 MP: 18/18
 16088 | D:10     | Reached skill level 9 in Stealth
 16378 | D:10     | Got a pair of slimy boots
 16544 | D:11     | Gained mutation: You cannot study or cast Ice magic. [Ru
                  | sacrifice]
 16544 | D:11     | Gained mutation: You cannot study or cast removed Charms
                  | magic. [Ru sacrifice]
 16544 | D:11     | Gained mutation: You cannot study or cast Summoning magic.
                  | [Ru sacrifice]
 16544 | D:11     | Reached **** piety under Ru
 16566 | D:11     | Noticed a green ugly thing
 16578 | D:11     | Identified the +2 pair of boots "Isas" {Str+8} (You found
                  | it on level 10 of the Dungeon)
 16594 | D:11     | Noticed Erica
 16603 | D:11     | Killed Erica
 16603 | D:11     | Reached skill level 5 in Hexes
 16630 | D:11     | Banished a green ugly thing
 16683 | D:11     | Found a frozen archway.
 16710 | IceCv    | Entered an ice cave
 17604 | IceCv    | Noticed a death yak
 17632 | IceCv    | Killed a death yak
 18333 | IceCv    | Noticed a death yak
 18333 | IceCv    | Noticed a frost giant
 18360 | IceCv    | Killed a death yak
 18392 | IceCv    | Reached XP level 12. HP: 52/103 MP: 20/20
 18735 | IceCv    | Killed a frost giant
 19367 | D:11     | Reached skill level 10 in Stealth
 19794 | D:11     | Found a staircase to the Lair.
 19956 | D:11     | Noticed Erolcha
 19957 | D:11     | Noticed Fannar
 20227 | D:11     | Banished Erolcha
 20321 | D:11     | Banished Fannar
 20396 | D:12     | Noticed a two-headed ogre
 20400 | D:12     | Killed a two-headed ogre
 20505 | D:12     | Reached skill level 10 in Short Blades
 20783 | D:12     | Gained mutation: You are vulnerable to magic. (MR--) [Ru
                  | sacrifice]
 20783 | D:12     | Reached ***** piety under Ru
 21806 | D:12     | Reached XP level 13. HP: 95/111 MP: 23/23
 22364 | D:13     | Noticed Jorgrun
 23035 | D:12     | Banished Jorgrun
 23359 | D:13     | Found a gate to the Vaults.
 23401 | D:13     | Reached skill level 11 in Stealth
 23506 | D:13     | Reached skill level 10 in Fighting
 24591 | D:14     | Reached skill level 5 in Poison Magic
 24704 | D:14     | Reached skill level 5 in Air Magic
 25138 | D:14     | Found Xadokhle's Weapon Shop.
 25349 | D:15     | Entered Level 15 of the Dungeon
 25352 | D:15     | Found Xifunec's Armour Emporium.
 25378 | D:15     | Bought a +1 cloak of magic resistance for 198 gold pieces
 25822 | D:15     | Noticed Rupert
 26330 | D:15     | Found Isuppama's Jewellery Shoppe.
 26336 | D:15     | Found Idodai's Antique Weapon Emporium.
 26490 | D:15     | Banished Rupert
 26490 | D:15     | Reached XP level 14. HP: 108/122 MP: 19/25
 26654 | D:15     | Found a large runed translucent door.
 26654 | D:15     | Found a large runed translucent door.
 26654 | D:15     | Noticed Kyth's ghost (journeyman MiFi)
 26700 | D:15     | Found a staircase to the Depths.
 26863 | D:15     | Found a portal to a secret trove of treasure.
 26948 | D:15     | Banished Kyth's ghost
 27305 | Lair:1   | Entered Level 1 of the Lair of Beasts
 27305 | Lair:1   | Noticed Nergalle
 27316 | Lair:1   | Killed Nergalle
 29367 | Lair:2   | Found a staircase to the Shoals.
 29733 | Lair:2   | Got a warped buckler
 29744 | Lair:2   | Identified the +5 buckler of Egalitarianism {+Inv rPois
                  | rC+} (You found it on level 2 of the Lair of Beasts)
 30305 | Lair:3   | Found a staircase to the Snake Pit.
 30711 | Lair:3   | Reached skill level 12 in Stealth
 31692 | Lair:4   | Gained mutation: You are missing an eye, making it more
                  | difficult to aim. [Ru sacrifice]
 31692 | Lair:4   | Reached ****** piety under Ru
 31716 | Lair:5   | Found a staircase to the Slime Pits.
 31716 | Lair:5   | Found a viscous altar of Jiyva.
 31807 | Lair:5   | Reached skill level 1 in Shields
 32613 | Lair:6   | Entered Level 6 of the Lair of Beasts
 33214 | Lair:6   | Reached XP level 15. HP: 127/132 MP: 27/27
 34595 | Orc:1    | Entered Level 1 of the Orcish Mines
 34598 | Orc:1    | Found a roughly hewn altar of Beogh.
 34733 | Orc:2    | Entered Level 2 of the Orcish Mines
 34759 | Orc:2    | Noticed Azrael
 34774 | Orc:2    | Killed Azrael
 34777 | Orc:2    | Noticed Saint Roka
 39209 | Orc:2    | Killed Saint Roka
 39217 | Orc:2    | Found a roughly hewn altar of Beogh.
 39372 | Orc:2    | Found a roughly hewn altar of Beogh.
 39447 | Orc:2    | Found a roughly hewn altar of Beogh.
 39450 | Orc:2    | Found Bifuv's Armour Shop.
 39455 | Orc:2    | Bought the +3 warlock's mirror {reflect} for 560 gold
                  | pieces
 39455 | Orc:2    | Found the +3 warlock's mirror {reflect}
 39590 | Orc:2    | Found a staircase to the Elven Halls.
 39652 | Orc:2    | Found a roughly hewn altar of Beogh.
 39685 | Orc:2    | Found Haunuus's Antique Weapon Emporium.
 39686 | Orc:2    | Found a roughly hewn altar of Beogh.
 39691 | Orc:2    | Found Coob's Antique Armour Shoppe.
 39702 | Orc:2    | Bought a pair of glimmering boots for 285 gold pieces
 39714 | Orc:2    | Identified the +0 pair of boots of the Lair of Beasts
                  | {+Blink rC+++ Dex-5 Stlth+} (You bought it in a shop on
                  | level 2 of the Orcish Mines)
 39865 | Orc:2    | Found a roughly hewn altar of Beogh.
 39866 | Orc:2    | Found Fairoti's General Store.
 39918 | Elf:1    | Entered Level 1 of the Elven Halls
 39926 | Elf:1    | Upgraded the game from 0.26-a0-317-ge2f3d4a7ca to
                  | 0.26-a0-346-g33516b1736
 40605 | Elf:1    | Noticed a deep elf sorcerer
 40614 | Elf:1    | Killed a deep elf sorcerer
 41121 | Elf:1    | Reached skill level 13 in Stealth
 41205 | Elf:1    | Reached XP level 16. HP: 128/141 MP: 29/29
 43595 | Elf:2    | Found a runed translucent gate.
 43596 | Elf:2    | Found a runed translucent gate.
 43596 | Elf:2    | Found a runed translucent gate.
 44031 | Elf:2    | Reached skill level 10 in Spellcasting
 45011 | Elf:2    | Noticed a deep elf blademaster
 45017 | Elf:2    | Banished a deep elf blademaster
 45799 | Elf:3    | Entered Level 3 of the Elven Halls
 45988 | Elf:3    | Reached skill level 10 in Hexes
 46635 | Elf:3    | Reached skill level 14 in Stealth
 47331 | Elf:3    | Reached XP level 17. HP: 151/151 MP: 31/31
 47579 | Elf:3    | Found a shimmering blue altar of Sif Muna.
 47620 | Elf:3    | HP: 7/226 [chaos spawn[an orc high priest] (6)]
 47621 | Elf:3    | Slain by a soul eater

Illustrated notes

Levels and vault maps discovered:
D:1:      dpeg_arrival_solitude, layout_basic, minmay_tripent
D:2:      layout_loops_ring, lemuel_crystal_altar, lemuel_crystal_altar,
          lemuel_crystal_altar
D:3:      layout_loops_ring, lemuel_doored_altar
D:4:      layout_loops_ring, marbit_many_paths, ebering_ghost_rock_garden,
          cheibrodos_sewer_entry_drain, minivault_11
D:5:      layout_basic, old_standard_altar, minmay_temple_entry_stoned_glass,
          roderic_lattice_a
D:6:      layout_loops_ring, lemuel_round_altar, nicolae_overflow_hidden_temple,
          ebering_ghost_gozag, lemuel_altar_in_water, uniq_eustachio,
          uniq_prince_ribbit1
D:7:      layout_loops_ring, serial_shops, shop, minmay_stone_trees_medium
D:8:      minmay_gate_of_8, layout_loops_corners, kennysheep_mini_moat,
          old_standard_altar, grunt_ministairs_5, uniq_maggie
D:9:      layout_stronghold, erik_orc_4, uniq_psyche
D:10:     layout_cave_pools, uniq_josephine
D:11:     layout_small_grid, erik_lair_dragon, portal_ice_cave_entry_pillars_1,
          uniq_fannar, uniq_erolcha, uniq_erica
D:12:     layout_basic
D:13:     layout_loops_ring, erik_vaults_1, hangedman_tell_no_tales,
          uniq_jorgrun
D:14:     layout_cave_pools, minmay_misc_feat_ornament, serial_shops,
          nicolae_shop_crystal
D:15:     grunt_enter_depths_snipers, layout_irregular_city,
          ebering_ghost_disaster_area, enter_trove_6, moated_statue,
          serial_shops, shop, shop, nicolae_shop_waterfront, uniq_rupert
Temple:   nicolae_temple_figure_zero
Lair:1:   layout_roguey [special_room_bee], chequers_serial_rivers_marsh,
          grunt_megastairs_4, uniq_nergalle
Lair:2:   lemuel_reptile_caves, layout_misc_corridors, elwin_shoals_entry_rooms,
          beast_lair_carwin_10
Lair:3:   layout_roguey, dummy_snake_entry, cheibrodos_lair_reptile_den
Lair:4:   layout_regular_city
Lair:5:   layout_regular_city, slime_altar_1
Lair:6:   due_jungle_book, layout_long_grid, minmay_lair_oklob_chamber
Orc:1:    layout_caves, basic_altar, nicolae_orc_stony_grotto
Orc:2:    grunt_orc_community_town_hall, layout_caves,
          grunt_orc_community_big_house_2, grunt_orc_community_big_house_1,
          grunt_orc_community_house_2, grunt_orc_community_house_1,
          grunt_orc_community_house_2, grunt_orc_community_house_1,
          grunt_orc_community_house_3, grunt_orc_community_house_1, uniq_azrael
Elf:1:    eino_elf_arrival_customs, layout_loops_cross, evilmike_minifort
Elf:2:    layout_rooms, st_stairs_8
Elf:3:    minmay_elf_hall_dome, layout_geoelf_diagonals,
          hangedman_summoners_spam

Skill      XL: |  1  2  3  4  5  6  7  8  9 10 11 12 13 14 15 16 |
---------------+-------------------------------------------------+-----
Dodging        | 1 2 3 4 5 6 7 8 9 |  9.3
Throwing       | 2 3 4 5 6 7 8 |  8.3
Stealth        | 4 5 6 7 8 9 10 11 12 13 14 | 14.0
Fighting       | 3 4 5 6 8 9 10 11 12 13 | 13.9
Short Blades   | 3 4 5 6 7 8 9 10 11 12 13 | 13.7
Spellcasting   | 1 2 4 5 6 7 8 9 10 | 10.4
Hexes          | 2 3 4 5 6 7 8 9 10 | 10.1
Translocations | 1 2 |  2.0
Summonings     | 1 0 |  0.0
Air Magic      | 1 3 4 5 6 |  6.6
Poison Magic   | 1 2 4 5 6 |  6.7
Shields        | 1 4 |  4.0

Action                   |  1- 3 |  4- 6 |  7- 9 | 10-12 | 13-15 | 16-18 || total
-------------------------+-------+-------+-------+-------+-------+-------++-------
Melee: Dagger            |   169 |   348 |   743 |  1017 |  1571 |   626 ||  4474
       Tailslap          |    10 |    38 |   109 |   159 |   281 |   113 ||   710
Throw: Dart              |       |       |    18 |    45 |    30 |     1 ||    94
 Cast: Slow              |       |       |     7 |     8 |     1 |       ||    16
       Blink             |       |       |       |     1 |       |       ||     1
       Shroud of Golubri |       |       |       |     1 |       |       ||     1
       Mephitic Cloud    |       |       |       |     3 |     4 |     2 ||     9
Invok: Sacrifice Essence |       |       |     1 |     1 |       |       ||     2
       Draw Out Power    |       |       |       |     6 |     5 |       ||    11
       Sacrifice Artific |       |       |       |     1 |       |       ||     1
       Sacrifice Arcana  |       |       |       |     1 |       |       ||     1
       Power Leap        |       |       |       |       |    22 |    11 ||    33
       Apocalypse        |       |       |       |       |     2 |     1 ||     3
       Sacrifice an Eye  |       |       |       |       |     1 |       ||     1
 Abil: Breathe Dispellin |       |       |    13 |    14 |     6 |     5 ||    38
Evoke: Wand              |       |       |     4 |       |       |       ||     4
  Use: Scroll            |       |    10 |     2 |    17 |    18 |     3 ||    50
       Potion            |       |       |       |     3 |     6 |     9 ||    18
 Stab: Sleeping          |     6 |     8 |    18 |    14 |    61 |     7 ||   114
       Distracted        |     1 |       |     1 |     8 |    21 |     3 ||    34
       Paralysed         |       |       |     3 |       |     7 |     9 ||    19
       Invisible         |       |       |       |     8 |    11 |     5 ||    24
       Confused          |       |       |       |     2 |     5 |     3 ||    10
Armor: Skin              |    80 |    82 |   152 |   239 |   213 |    56 ||   822
Dodge: Dodged            |   134 |   154 |   328 |   453 |   678 |   202 ||  1949
Block: Buckler           |       |       |       |       |   320 |   131 ||   451
       Reflection        |       |       |       |       |     4 |    24 ||    28

Table legend:
 A = Non-vault XP
 B = Vault XP
 C = Vault XP percentage of total XP
 D = Non-vault monster count
 E = Vault monster count
 F = Vault count percentage of total count
                 A         B        C        D         E       F
            +---------+---------+-------+---------+---------+-------
      Total |  126056 |   92930 |  42.4 |     646 |     340 |  34.5
            +---------+---------+-------+---------+---------+-------
        D:1 |      39 |       3 |   7.1 |      26 |       2 |   7.1
        D:2 |      37 |       0 |   0.0 |      18 |       0 |   0.0
        D:3 |     124 |       0 |   0.0 |      31 |       0 |   0.0
        D:4 |     268 |      63 |  19.0 |      11 |       4 |  26.7
        D:5 |     840 |       0 |   0.0 |      23 |       0 |   0.0
        D:6 |     715 |     462 |  39.3 |      20 |       2 |   9.1
        D:7 |     948 |     141 |  12.9 |      23 |       1 |   4.2
        D:8 |     960 |     562 |  36.9 |      22 |       5 |  18.5
        D:9 |    2021 |     748 |  27.0 |      23 |      16 |  41.0
       D:10 |    2347 |    1955 |  45.4 |      22 |       5 |  18.5
       D:11 |    4363 |    4029 |  48.0 |      35 |      10 |  22.2
       D:12 |    8506 |    3981 |  31.9 |      48 |       2 |   4.0
       D:13 |    6865 |    1246 |  15.4 |      29 |       7 |  19.4
       D:14 |    6516 |       0 |   0.0 |      33 |       0 |   0.0
       D:15 |    8391 |    6823 |  44.8 |      30 |       5 |  14.3
     Lair:1 |    3177 |    3563 |  52.9 |      17 |      27 |  61.4
     Lair:2 |    1407 |    2743 |  66.1 |      10 |      38 |  79.2
     Lair:3 |    4323 |     330 |   7.1 |      12 |       1 |   7.7
     Lair:4 |    1280 |       0 |   0.0 |       5 |       0 |   0.0
     Lair:5 |    5264 |       0 |   0.0 |      19 |       0 |   0.0
     Lair:6 |   12449 |    5131 |  29.2 |      43 |      11 |  20.4
      Orc:1 |    6876 |    3752 |  35.3 |      48 |      43 |  47.3
      Orc:2 |    1909 |    9375 |  83.1 |      20 |      39 |  66.1
      Elf:1 |   13941 |   10207 |  42.3 |      20 |      18 |  47.4
      Elf:2 |   21713 |   25002 |  53.5 |      42 |      32 |  43.2
      Elf:3 |   10777 |    2248 |  17.3 |      16 |       5 |  23.8
      Sewer |       0 |     608 | 100.0 |       0 |      28 | 100.0
      IceCv |       0 |    9958 | 100.0 |       0 |      39 | 100.0
            +---------+---------+-------+---------+---------+-------
